Map: 2000 Atmospheres LE

Players

RagnaroK (SHIN) - Winner!

  • Race: Zerg Zerg
  • League: Master

DPGZest (Zest)

  • Race: Protoss Protoss
  • League: Master

Event: TSL 8

VOD

Have the link to the VOD?

Description

Time

  • Played on: Nov. 26, 2021, 8:53 a.m.
  • Length: 13:43

All games in this series

Show
View Real Time Build Order
Export as new Build Order

RagnaroK Zerg - Winner!

Build Orders: Hatch First 

Get SALT Encoding   

  12  0:00  Drone  
  13  0:13  Overlord  
  13  0:17  Drone  
  14  0:31  Drone x2  
  16  0:37  Drone  
  17  0:52  Hatchery  
  17  0:54  Drone  
  17  0:57  Drone  
  18  1:07  Extractor  
  17  1:12  Spawning Pool  
  17  1:15  Drone  
  17  1:18  Drone  
  18  1:29  Drone  
  19  1:39  Drone  
  20  1:50  Drone  
  21  2:00  Zergling x2  
  22  2:03  Queen x2  
  22  2:04  Zergling x2  
  27  2:12  Overlord  
  27  2:15  Drone, Metabolic Boost  
  28  2:32  Drone  
  28  2:33  Hatchery  
  28  2:34  Drone  
  29  2:37  Drone  
  29  2:39  Drone  
  29  2:43  Drone  
  32  2:49  Queen  
  34  2:54  Overlord  
  34  2:56  Drone  
  35  2:58  Drone  
  36  3:11  Queen  
  38  3:13  Drone x4  
  38  3:15  Drone  
  43  3:21  Overlord  
  43  3:22  Drone  
  44  3:29  Overlord  
  44  3:32  Spore Crawler  
  43  3:35  Spore Crawler  
  43  3:38  Queen  
  44  3:45  Drone, Overlord  
  44  3:46  Drone x3  
  44  3:47  Drone  
  49  3:52  Drone x2  
  49  3:54  Queen  
  53  4:00  Zergling x6  
  53  4:02  Drone  
  57  4:03  Drone  
  57  4:04  Drone  
  59  4:11  Drone  
  57  4:17  Queen  
  57  4:21  Drone x5  
  57  4:22  Drone  
  64  4:24  Spore Crawler  
  64  4:25  Drone  
  64  4:28  Drone  
  65  4:32  Overlord  
  65  4:39  Overlord  
  65  4:45  Overlord  
  65  4:49  Queen  
  65  4:51  Zergling x10  
  71  4:53  Queen  
  71  4:58  Zergling x8  
  77  5:01  Zergling x6  
  77  5:06  Zergling x6  
  84  5:07  Zergling x2  
  84  5:10  Zergling x2  
  85  5:16  Zergling x4, Extractor  
  85  5:19  Zergling x2  
  84  5:24  Lair  
  84  5:25  Queen  
  84  5:26  Drone  
  84  5:28  Drone  
  88  5:29  Drone  
  88  5:32  Drone  
  88  5:33  Drone  
  90  5:35  Drone  
  90  5:37  Drone  
  90  5:40  Drone  
  90  5:41  Drone  
  90  5:42  Overlord  
  89  5:43  Drone  
  89  5:45  Queen  
  86  5:50  Drone  
  86  5:51  Drone  
  86  5:52  Evolution Chamber  
  86  5:54  Drone  
  86  5:58  Drone  
  86  6:01  Queen  
  86  6:02  Drone  
  86  6:04  Drone  
  86  6:09  Drone  
  85  6:12  Drone  
  85  6:15  Extractor x2  
  85  6:16  Drone, Extractor  
  85  6:18  Drone x3  
  84  6:20  Drone, Queen  
  84  6:23  Drone  
  84  6:24  Queen  
  85  6:25  Drone  
  85  6:31  Zerg Ground Armor Level 1, Extractor  
  80  6:36  Queen  
  80  6:37  Drone x3  
  85  6:43  Spire  
  85  6:45  Hatchery  
  83  6:48  Drone x3, Spore Crawler  
  85  6:56  Drone x2  
  85  6:58  Spore Crawler x2  
  85  7:00  Drone, Queen  
  90  7:04  Overlord  
  90  7:06  Zergling x14  
  97  7:13  Overlord x3  
  97  7:20  Queen  
  97  7:23  Pneumatized Carapace  
  97  7:24  Overseer  
  97  7:35  Drone x2  
  97  7:36  Drone x6  
  105  7:45  Queen  
  105  7:46  Extractor  
  105  7:49  Drone, Extractor  
  106  7:52  Overlord  
  106  7:53  Overlord  
  105  8:03  Roach Warren  
  105  8:04  Zerg Flyer Weapons Level 1, Corruptor x9  
  122  8:12  Corruptor  
  122  8:13  Corruptor x2  
  122  8:17  Overlord  
  128  8:24  Corruptor x2  
  132  8:29  Corruptor  
  132  8:30  Corruptor  
  136  8:38  Corruptor x2  
  136  8:40  Queen x2  
  142  8:44  Roach x3  
  142  8:46  Roach  
  142  8:47  Zergling x2  
  151  8:52  Overlord x3  
  151  8:55  Overlord  
  151  9:10  Corruptor x3  
  151  9:11  Corruptor x2  
  151  9:13  Ravager  
  151  9:14  Ravager  
  163  9:17  Queen x2  
  163  9:22  Zergling x2, Roach x2  
  172  9:27  Zergling x8, Roach  
  178  9:36  Zergling x12, Roach  
  182  9:40  Roach  
  182  9:43  Overlord  
  182  9:44  Overlord x2  
  184  9:47  Overlord  
  184  9:50  Overlord  
  184  9:53  Overlord  
  183  10:02  Zergling x12, Roach  
  183  10:03  Zergling x6  
  183  10:05  Ravager x6  
  200  10:10  Overlord  
  200  10:12  Zerg Missile Weapons Level 1  
  190  10:24  Roach x9  
  191  10:32  Zergling x8, Roach  
  196  10:38  Zerg Flyer Weapons Level 2  
  196  10:39  Overseer  
  195  10:43  Infestation Pit  
  195  10:46  Corruptor x2  
  199  10:50  Zergling x2  
  199  11:05  Glial Reconstitution  
  183  11:22  Roach  
  157  11:36  Corruptor x8  
  167  11:42  Queen  
  167  11:46  Hive  
  165  11:51  Roach x5  
  160  11:57  Roach x7  
  160  11:58  Queen x2  
  161  12:12  Zergling x10, Roach  
  154  12:18  Queen  
  154  12:22  Zergling x6, Roach  
  154  12:23  Ravager x5  
  154  12:24  Ravager x3  
  156  12:31  Ravager x5  
  156  12:34  Zergling x6, Roach  
  156  12:35  Hatchery  
  165  12:42  Zergling x10, Roach  
  172  12:49  Zergling x8, Roach  
  174  13:02  Roach x8  
Show
View Real Time Build Order
Export as new Build Order

DPGZest Protoss 

Build Orders: 1 Gate Expand, Oracle Opening 

Get SALT Encoding   

  12  0:00  Probe  
  13  0:12  Probe  
  14  0:19  Pylon  
  14  0:24  Probe  
  15  0:37  Probe (Chrono Boost)  
  15  0:39  Gateway  
  16  0:46  Probe (Chrono Boost)  
  16  0:48  Assimilator  
  17  0:51  Probe (Chrono Boost)  
  18  1:03  Probe  
  19  1:15  Probe  
  20  1:25  Nexus  
  20  1:36  Cybernetics Core  
  20  1:39  Probe  
  21  1:44  Assimilator  
  21  1:51  Probe  
  22  1:54  Pylon  
  22  2:03  Probe (Chrono Boost)  
  23  2:12  Adept  
  23  2:14  Probe (Chrono Boost)  
  26  2:17  Stargate  
  26  2:18  Probe (Chrono Boost)  
  27  2:24  Warp Gate  
  27  2:32  Probe (Chrono Boost)  
  28  2:37  Probe (Chrono Boost)  
  28  2:42  Adept  
  32  2:47  Probe x2 (Chrono Boost)  
  33  2:52  Void Ray (Chrono Boost), Probe (Chrono Boost)  
  33  2:54  Probe  
  35  3:04  Probe  
  40  3:06  Probe  
  40  3:07  Pylon  
  41  3:14  Gateway  
  41  3:18  Probe x2  
  43  3:25  Oracle (Chrono Boost)  
  46  3:30  Probe  
  46  3:31  Probe  
  48  3:44  Nexus  
  48  3:46  Probe  
  48  3:47  Probe  
  50  3:50  Pylon  
  50  3:55  Assimilator  
  50  3:58  Assimilator, Probe  
  50  3:59  Probe  
  52  4:10  Probe  
  52  4:11  Probe  
  54  4:19  Protoss Air Weapons Level 1, Stargate  
  54  4:23  Probe x2 (Chrono Boost)  
  56  4:33  Pylon  
  56  4:34  Probe x2 (Chrono Boost)  
  56  4:35  Forge  
  58  4:38  Probe (Chrono Boost)  
  58  4:39  Probe (Chrono Boost)  
  60  4:49  Probe x2  
  60  4:50  Void Ray (Chrono Boost)  
  62  4:55  Shield Battery  
  62  4:56  Probe (Chrono Boost)  
  62  4:57  Shield Battery  
  67  5:04  Void Ray (Chrono Boost)  
  67  5:05  Probe (Chrono Boost)  
  73  5:08  Probe (Chrono Boost)  
  73  5:09  Probe (Chrono Boost)  
  73  5:13  Shield Battery  
  75  5:14  Adept  
  75  5:15  Adept  
  75  5:16  Probe (Chrono Boost)  
  75  5:17  Shield Battery  
  79  5:22  Shield Battery  
  79  5:26  Void Ray (Chrono Boost)  
  83  5:36  Adept  
  83  5:40  Void Ray  
  83  5:42  Adept  
  75  5:56  Void Ray  
  75  5:59  Adept  
  81  6:10  Zealot  
  82  6:11  Probe x3  
  81  6:21  Zealot  
  81  6:23  Probe x2  
  81  6:24  Probe (Chrono Boost)  
  85  6:34  Fleet Beacon, Stargate  
  85  6:36  Probe x2 (Chrono Boost)  
  84  6:41  Probe (Chrono Boost)  
  84  6:42  Pylon x2  
  84  6:45  Probe (Chrono Boost), Pylon  
  84  6:47  Photon Cannon  
  85  6:50  Assimilator  
  85  6:52  Assimilator  
  85  6:59  Photon Cannon  
  85  7:00  Probe x3  
  88  7:04  Gateway  
  88  7:07  Gateway  
  88  7:12  Probe x3  
  91  7:15  Carrier (Chrono Boost)  
  91  7:16  Carrier (Chrono Boost)  
  103  7:28  Carrier (Chrono Boost)  
  109  7:30  Pylon  
  109  7:36  Nexus  
  109  7:41  Pylon  
  109  7:42  Pylon  
  109  7:48  Probe x3  
  109  7:50  Flux Vanes  
  112  8:00  Probe x3  
  112  8:01  Photon Cannon  
  112  8:02  Protoss Air Weapons Level 2 (Chrono Boost)  
  112  8:03  Gateway  
  112  8:04  Gateway  
  115  8:12  Probe  
  116  8:18  Void Ray (Chrono Boost)  
  120  8:21  Void Ray (Chrono Boost), Probe x2  
  122  8:30  Protoss Ground Weapons Level 1  
  122  8:32  Twilight Council  
  126  8:41  Shield Battery  
  126  8:44  Robotics Facility  
  126  8:48  Void Ray  
  126  8:51  Void Ray  
  126  8:55  Probe x3  
  133  8:57  Probe  
  138  9:03  Photon Cannon, Pylon  
  138  9:05  Photon Cannon  
  138  9:07  Probe  
  139  9:11  Probe x2  
  139  9:12  Probe  
  139  9:14  Assimilator  
  139  9:15  Charge  
  142  9:18  Assimilator, Templar Archives  
  142  9:23  Sentry  
  144  9:25  Gateway  
  144  9:26  Void Ray x2  
  144  9:27  Gateway  
  144  9:28  Probe x3  
  155  9:40  Probe  
  156  9:46  Gateway  
  156  9:48  Photon Cannon  
  156  9:49  Gateway  
  156  9:50  Shield Battery  
  156  9:57  Void Ray  
  156  9:58  Probe x2  
  154  10:05  Stalker  
  156  10:11  Pylon  
  156  10:14  Void Ray  
  156  10:15  Pylon  
  156  10:17  Gateway, Pylon  
  156  10:18  Pylon  
  156  10:19  Gateway  
  156  10:20  Gateway  
  156  10:26  Zealot x3  
  156  10:31  High Templar x3  
  156  10:35  Void Ray, Archon  
  158  10:37  Void Ray  
  158  10:38  Pylon  
  158  10:39  Pylon  
  158  10:40  Protoss Ground Weapons Level 2 (Chrono Boost), Pylon  
  158  10:41  Pylon  
  162  10:42  Pylon  
  162  10:43  Pylon  
  163  10:54  Pylon  
  162  10:59  High Templar x2  
  162  11:02  Pylon  
  166  11:04  High Templar  
  166  11:08  Archon x2  
  166  11:09  High Templar  
  167  11:19  Void Ray x3  
  167  11:20  Zealot x3  
  135  11:40  Zealot x3  
  135  11:45  Zealot  
  135  11:46  Zealot x3  
  116  11:55  Gateway  
  116  11:56  Void Ray (Chrono Boost)  
  116  11:57  Gateway  
  100  12:02  Zealot x3  
  100  12:04  Void Ray x2 (Chrono Boost)  
  98  12:14  Zealot x3  
  102  12:37  Sentry  
  102  12:38  High Templar x2  
  102  12:41  Void Ray (Chrono Boost)  
  108  12:45  Nexus, Archon  
  112  12:51  Pylon  
Tags
 
Add a new tag
Caveats
  • Supply blocks, unpowered buildings, or Contaminate may cause inaccurate times.
  • Supply counts are checked every 10 seconds.